 Dungeon Crawl Stone Soup version 0.30-a0-218-gedb9141078 (webtiles) character file.

Game seed: 12454933468811701388

593 IdlyInterested the Trooper (level 7, -1/55 HPs)
             Began as a Demonspawn Wanderer on Oct 5, 2022.
             Slain by a scorpion (2 damage)
             ... on level 5 of the Dungeon.
             The game lasted 00:20:17 (4732 turns).

IdlyInterested the Trooper (Demonspawn Wanderer)    Turns: 4732, Time: 00:20:17

Health: -1/55      AC:  6    Str: 12    XL:     7   Next: 16%
Magic:  7/7        EV:  9    Int: 11    God:
Gold:   269        SH:  5    Dex: 17    Spells: 6/6 levels left

rFire   . . .      SeeInvis .      - Unarmed
rCold   + . .      Faith    .    e - +0 buckler
rNeg    . . .      Spirit   .    D - +0 scale mail
rPois   .          Reflect  .    (no helmet)
rElec   .          Harm     .    q - scarf {shadows}
rCorr   .          Rampage  .    (no gloves)
Will    .....                    (no boots)
Stlth   +.........               (no amulet)
HPRegen 0.00/turn                r - ring of flight
MPRegen 0.10/turn                m - ring of protection from cold

@: lethally poisoned (-1 -> -12), flying, inhibited regen
A: hooves 2, demonic guardian 1, demonic touch 2, inhibited regeneration
a: no special abilities


You were on level 5 of the Dungeon.
You visited 2 branches of the dungeon, and saw 6 of its levels.

You collected 269 gold pieces.

Inventory:

Hand Weapons
 d - a +1 spear
 x - the +7 falchion of Accord {flame, Dex+2}
   (You found it on level 3 of the Dungeon)

   It burns those it strikes, dealing additional fire damage.
   Big, fiery blades are also staple armaments of hydra-hunters.
   Dex:       It affects your dexterity (+2).
 z - a +0 war axe
Missiles
 b - an atropa-tipped dart
 c - a datura-tipped dart
 h - 72 stones
 l - 3 boomerangs (quivered)
 H - 6 javelins
Armour
 e - a +0 buckler (worn)
 p - a +1 leather armour
 q - a scarf of shadows (worn)
 u - a +0 chain mail
 D - a +0 scale mail (worn)
Jewellery
 m - a ring of protection from cold (right hand)
 r - a ring of flight (left hand)
 E - a +6 ring of intelligence
Wands
 g - a wand of flame (21)
 A - a wand of quicksilver (2)
Scrolls
 k - a scroll of enchant weapon
 s - 2 scrolls of teleportation
 B - 3 scrolls of fear
 F - 2 scrolls of immolation
 G - a scroll of blinking
Potions
 f - 2 potions of curing
 n - a potion of cancellation
 t - a potion of might
 v - 2 potions of mutation
 w - a potion of brilliance
 C - a potion of attraction {unknown}


   Skills:
 * Level 4.7 Fighting
 - Level 2.0 Polearms
 - Level 1.0 Throwing
 - Level 2.0 Armour
 + Level 2.6 Dodging
 - Level 2.0 Stealth
 - Level 2.6 Shields
 + Level 3.8 Unarmed Combat
 - Level 1.0 Evocations


You had 6 spell levels left.
You didn't know any spells.
Your spell library was empty.

Dungeon Overview and Level Annotations

Branches:
Dungeon (5/15)             Temple (1/1) D:4

Altars:
Ashenzari
Cheibriados
Dithmenos
Fedhas
Gozag
Kikubaaqudgha
Qazlal
Ru
Sif Muna
Trog
Vehumet
Wu Jian
Yredelemnul


Innate Abilities, Weirdness & Mutations

You have hoof-like feet.
A weak demonic guardian rushes to your aid.
Your touch may inflict irresistible damage on your foes.
You do not regenerate when monsters are visible.


Message History

You are poisoned.
The scorpion poisons you!
You closely miss the scorpion. Your kick misses the scorpion.
You feel very sick. The scorpion stings you.
The scorpion stings you but does no damage.
The scorpion closely misses you. The scorpion stings you.
You barely miss the scorpion.
You feel sick. You block the scorpion's attack.
The scorpion stings you but does no damage.
You closely miss the scorpion. You kick the scorpion.
The scorpion is lightly wounded.
You feel sick. The scorpion stings you. x2
You closely miss the scorpion. Your kick misses the scorpion.
The scorpion is lightly wounded.
You feel sick. The scorpion closely misses you. The scorpion stings you.
You closely miss the scorpion. Your kick misses the scorpion.
The scorpion is lightly wounded.
You feel sick.
The scorpion stings you but does no damage.
The scorpion stings you.
You barely miss the scorpion.
You kick the scorpion, but do no damage.
The scorpion is lightly wounded.
You feel sick. The scorpion stings you. The scorpion barely misses you.
You closely miss the scorpion.
The scorpion is lightly wounded.
You feel sick. The scorpion stings you.
* * * LOW HITPOINT WARNING * * *
You block the scorpion's attack. The scorpion stings you.
* * * LOW HITPOINT WARNING * * *
A demonic guardian appears!
You barely miss the scorpion. You kick the scorpion.
The scorpion is lightly wounded.
You feel sick. The scorpion stings you.
* * * LOW HITPOINT WARNING * * *
You are more poisoned.
The scorpion poisons you!
The scorpion stings you but does no damage.
The scorpion stings you.
You die...

#.. #.# #.# #.#
######.#######
#............# #
#..<......#.###
####...s5.......
........s@.<..#
..####..#######
...... .##.####
#. .. ..


You could see 2 scorpions and a friendly shadow imp (summoned).

Vanquished Creatures
  Grinder (D:3)
  A phantom (D:4)
  An orc priest (D:4)
  A hound (D:4)
  2 jellies (D:3)
  3 adders
  8 worms
  A dart slug (D:1)
  7 orcs
  5 bats
  14 endoplasms
  4 giant cockroaches
  8 goblins
  2 hobgoblins
  12 kobolds
  4 quokkas
  5 ball pythons
  2 frilled lizards
  7 rats
88 creatures vanquished.

Vanquished Creatures (collateral kills)
  A scorpion (D:4)
  3 orcs (D:4)
  A goblin (D:4)
5 creatures vanquished.

Vanquished Creatures (others)
  3 fungi (D:3)
  3 plants (D:3)
  10 toadstools (D:3)
16 creatures vanquished.

Grand Total: 109 creatures vanquished

Notes
Turn   | Place    | Note
-------+----------+-------------------------------------------
     0 | D:1      | IdlyInterested the Demonspawn Wanderer began the quest for
                  | the Orb.
     0 | D:1      | IdlyInterested set off with the following items: a +0
                  | dagger, an atropa-tipped dart, a datura-tipped dart, a +0
                  | spear, a +0 buckler, a potion of curing, a +0 robe.
     0 | D:1      | Reached XP level 1. HP: 15/15 MP: 1/1
   122 | D:1      | You fall into a shaft and drop 1 floor!
   171 | D:2      | Found a stormy altar of Qazlal.
   209 | D:2      | Discovered your monstrous ancestry.
   209 | D:2      | Gained mutation: You have large cloven feet. [demonic
                  | ancestry]
   209 | D:2      | Reached XP level 2. HP: 4/22 MP: 2/2
   352 | D:1      | Reached skill level 2 in Fighting
   612 | D:1      | Found a faded altar of an unknown god.
   921 | D:2      | Gained mutation: Your touch may inflict minor irresistible
                  | damage on your foes. [demonic ancestry]
   921 | D:2      | Reached XP level 3. HP: 11/28 MP: 3/3
  1650 | D:2      | Reached skill level 3 in Fighting
  2156 | D:3      | Reached skill level 1 in Throwing
  2230 | D:3      | Gained mutation: Your touch may inflict irresistible damage
                  | on your foes. [demonic ancestry]
  2230 | D:3      | Reached XP level 4. HP: 22/35 MP: 4/4
  2349 | D:3      | Identified the +7 falchion of Accord {flame, Dex+2}
  2384 | D:3      | Reached skill level 1 in Unarmed Combat
  2453 | D:3      | Noticed Grinder
  2474 | D:3      | Killed Grinder
  2475 | D:3      | Gained mutation: A weak demonic guardian rushes to your
                  | aid. [demonic ancestry]
  2475 | D:3      | Reached XP level 5. HP: 27/41 MP: 5/5
  2475 | D:3      | Reached XP level 6. HP: 31/47 MP: 6/6
  2911 | D:3      | Reached skill level 1 in Evocations
  3403 | D:3      | Gained mutation: You have hoof-like feet. [potion of
                  | mutation]
  3403 | D:3      | Gained mutation: You do not regenerate when monsters are
                  | visible. [potion of mutation]
  3555 | D:4      | Reached skill level 4 in Fighting
  3558 | D:4      | Found a bloodstained altar of Trog.
  3562 | D:4      | Found a sacrificial altar of Ru.
  3635 | D:4      | HP: 2/48 [scorpion (4)]
  3869 | D:4      | Found a staircase to the Ecumenical Temple.
  3912 | Temple   | Entered the Ecumenical Temple
  4168 | D:4      | Reached XP level 7. HP: 50/55 MP: 7/7
  4706 | D:5      | Entered Level 5 of the Dungeon
  4732 | D:5      | HP: 1/55 [scorpion (6)]
  4732 | D:5      | Slain by a scorpion

Illustrated notes

Levels and vault maps discovered:
D:1:      minmay_arrival_arboretum_small, layout_basic,
          hellmonk_ecumenical_altar_defaced_shrine, st_stairs_3,
          minmay_misc_feat_x
D:2:      layout_basic, basic_altar
D:3:      cheibrodos_fertilizer, layout_basic, serial_bayou_lake_a, uniq_grinder
D:4:      layout_gridville, minitemple, minmay_temple_entry_junction
D:5:      layout_basic, uniq_eustachio
Temple:   nicolae_temple_bog_church

Skill      XL: |  1  2  3  4  5  6 |
---------------+-------------------+-----
Polearms       | 2 |  2.0
Fighting       | 2 3 4 |  4.7
Armour         | 2 |  2.0
Stealth        | 2 |  2.0
Throwing       | 1 |  1.0
Unarmed Combat | 3 |  3.8
Dodging        | 2 |  2.6
Evocations     | 1 |  1.0
Shields        | |  2.6

Action                   |  1- 3 |  4- 6 |  7- 9 || total
-------------------------+-------+-------+-------++-------
Melee: Spear             |   154 |    27 |       ||   181
       Kick              |    32 |    54 |     8 ||    94
       Touch             |     5 |     5 |       ||    10
       Punch             |     1 |     1 |       ||     2
       Unarmed           |       |   122 |    28 ||   150
Throw: Boomerang         |       |     4 |       ||     4
Evoke: Wand              |       |     1 |       ||     1
  Use: Scroll            |     7 |     6 |     2 ||    15
       Potion            |     1 |     3 |       ||     4
 Stab: Sleeping          |     9 |       |       ||     9
Armor: Robe              |     3 |       |       ||     3
       Leather armour    |    15 |     2 |       ||    17
       Scale mail        |       |    42 |     8 ||    50
Dodge: Dodged            |    48 |    40 |    13 ||   101
Block: Buckler           |    12 |    22 |     6 ||    40

Table legend: (Time is in decaauts)
 A = Elapsed time spent in this place.
 B = Non-inter-level travel time spent in this place.
 C = Inter-level travel time spent in this place.
 D = Time resting spent in this place.
 E = Time spent auto-exploring this place.
 F = Levels seen in this place.
 G = Mean time per level.
                   A        B        C        D        E       F      G
               +--------+--------+--------+--------+--------+-----+--------+
         Total |   4735 |   4155 |    580 |    516 |   2471 |   6 |  789.2 |
       Dungeon |   4491 |   3912 |    579 |    448 |   2341 |   5 |  898.2 |
        Temple |    244 |    243 |      1 |     68 |    130 |   1 |  244.0 |
               +--------+--------+--------+--------+--------+-----+--------+

Top non-repeatable levels by time:
     D:3: 1382 daAuts
     D:2: 1102 daAuts
     D:4: 1078 daAuts
     D:1: 902 daAuts
  Temple: 244 daAuts
     D:5: 25 daAuts
